 Dungeon Crawl Stone Soup version 0.22-a0-866-geee5034 (webtiles) character file.

462 poirepourri the Thaumaturge (level 6, -4/32 HPs)
             Began as a Deep Elf Conjurer on July 28, 2018.
             Was a Follower of Vehumet.
             Shot with an arrow by a centaur (13 damage)
             ... on level 5 of the Dungeon.
             The game lasted 00:06:03 (3839 turns).

poirepourri the Thaumaturge (Deep Elf Conjurer)     Turns: 3839, Time: 00:06:04

Health: -4/32      AC:  4    Str:  9    XL:     6   Next: 79%
Magic:  18/19      EV: 13    Int: 22    God:    Vehumet [*.....]
Gold:   175        SH:  0    Dex: 15    Spells: 3/21 levels left

rFire    . . .     SeeInvis +   a - +0 short sword
rCold    . . .     Gourm    .   (no shield)
rNeg     . . .     Faith    .   e - +0 robe
rPois    .         Spirit   .   (no helmet)
rElec    .         Reflect  .   (no cloak)
rCorr    .         Harm     .   b - +1 pair of gloves
MR       .....                  (no boots)
Stlth    ++........             (no amulet)
HPRegen  0.10/turn              f - +4 ring of strength
MPRegen  0.16/turn              o - ring of see invisible (curse)

@: no status effects
A: no striking features
a: Renounce Religion


You were on level 5 of the Dungeon.
You worshipped Vehumet.
Vehumet was aware of your devotion.
You were not hungry.

You visited 1 branch of the dungeon, and saw 5 of its levels.

You collected 175 gold pieces.

Inventory:

Hand Weapons
 a - a +0 short sword (weapon)
Missiles
 m - 28 poisoned needles
Armour
 b - a +1 pair of gloves (worn)
 e - a +0 robe (worn)
Jewellery
 f - a +4 ring of strength (left hand)
 o - a cursed ring of see invisible (right hand)
Wands
 q - a wand of scattershot (10)
 s - a wand of flame (15)
Scrolls
 g - 4 scrolls of teleportation
 h - 2 scrolls of blinking
 k - a scroll of fog
 l - a scroll of magic mapping
 r - a scroll of amnesia
 t - a scroll of remove curse
Potions
 d - 2 potions of lignification
 i - a potion of haste
 j - 3 potions of curing
 n - a potion of magic
 p - a potion of heal wounds {unknown}
Comestibles
 c - 8 rations


   Skills:
 - Level 2.4 Dodging
 - Level 2.4 Stealth
 - Level 8.0 Spellcasting
 + Level 6.4 Conjurations


You had 3 spell levels left.
You knew the following spells:

 Your Spells              Type           Power        Failure   Level  Hunger
a - Magic Dart            Conj           ####         1%          1    None
b - Searing Ray           Conj           #####.       1%          2    None
c - Dazzling Spray        Conj/Hex       ###...       6%          3    None
d - Iskenderun's Mystic   Conj           #####...     5%          4    ###....
e - Force Lance           Conj/Tloc      ###.....     21%         4    ###....
f - Fulminant Prism       Conj/Hex       ###.......   21%         4    ###....

Your spell library contained the following spells:

 Spells                   Type           Power        Failure   Level  Hunger


Dungeon Overview and Level Annotations

Branches:
Dungeon (5/15)
 Temple: D:4-7

Altars:
Trog
Vehumet
Yredelemnul
The Shining One


Message History

The centaur shouts!
The centaur wields a shortbow.
The centaur shoots an arrow.
The arrow closely misses you.
Found an emerald potion.
A centaur is nearby!
A centaur is nearby!
Casting: Searing Ray (safe; 1% risk of failure)
Confirm with . or Enter, or press ? or * to list all spells.
You don't know that spell.
Unknown command.
The centaur shoots an arrow.
The arrow hits you!
You see here an arrow.
The centaur shoots an arrow.
The arrow hits you!
* * * LOW HITPOINT WARNING * * *
You see here an arrow.
You feel better.
The centaur shoots an arrow.
The arrow hits you.
You feel better.
The centaur shoots an arrow.
The arrow hits you!
* * * LOW HITPOINT WARNING * * *
The centaur shoots an arrow.
The arrow hits you!
You die...

......# .#
.c...# #..#
!...# ..# ...
..## #'## ...#
#(.# #..#
##.#####..#
#.c...(..#
##..###@.#
#####......##
#.......#..#
#.#.#.###..#
#.#.#.....(.# #
#.#.#..##...#
#.#.#.#.......
#.#.#.##.###..#
#.............


You could see a centaur.

Vanquished Creatures
  A phantom (D:4)
  A crimson imp (D:5)
  An orc priest (D:4)
  A hound (D:4)
  Jessica (D:3)
  Ijyb (D:3)
  A worker ant (D:4)
  4 gnolls (D:2)
  4 adders
  2 shadow imps (D:4)
  6 worms
  A dart slug (D:2)
  10 leopard geckos
  5 orcs (D:3)
  4 bats
  5 giant cockroaches
  5 goblins
  9 hobgoblins
  5 jackals
  7 kobolds
  2 quokkas
  7 frilled lizards
  10 rats
93 creatures vanquished.

Vanquished Creatures (others)
  A hobgoblin (D:2)
  A bat (D:2)
  A rat (D:2)
3 creatures vanquished.

Grand Total: 96 creatures vanquished

Notes
Turn   | Place    | Note
-------+----------+-------------------------------------------
     0 | D:1      | poirepourri the Deep Elf Conjurer began the quest for the Orb.
     0 | D:1      | Reached XP level 1. HP: 10/10 MP: 6/6
   165 | D:1      | Reached skill level 4 in Spellcasting
   165 | D:1      | Reached XP level 2. HP: 15/15 MP: 3/9
   228 | D:1      | Learned a level 2 spell: Searing Ray
   641 | D:2      | Reached XP level 3. HP: 19/19 MP: 4/11
   655 | D:2      | Learned a level 3 spell: Dazzling Spray
   766 | D:2      | Reached skill level 5 in Spellcasting
  1290 | D:2      | Reached XP level 4. HP: 24/24 MP: 11/13
  1298 | D:2      | Reached skill level 6 in Spellcasting
  1426 | D:2      | Learned a level 4 spell: Iskenderun's Mystic Blast
  1431 | D:2      | Learned a level 4 spell: Force Lance
  1774 | D:2      | Reached skill level 7 in Spellcasting
  1821 | D:2      | Found a radiant altar of Vehumet.
  1854 | D:2      | Became a worshipper of Vehumet
  1967 | D:3      | Noticed Ijyb
  1992 | D:3      | Killed Ijyb
  1992 | D:3      | Reached XP level 5. HP: 28/28 MP: 3/16
  2124 | D:3      | Learned a level 4 spell: Fulminant Prism
  2794 | D:3      | Reached * piety under Vehumet
  2794 | D:3      | Offered knowledge of Shock by Vehumet.
  2798 | D:3      | Noticed Jessica
  2800 | D:3      | Killed Jessica
  2800 | D:3      | Reached skill level 8 in Spellcasting
  2910 | D:3      | Found a basalt altar of Yredelemnul.
  2918 | D:3      | Found a glowing golden altar of the Shining One.
  2920 | D:3      | Noticed an angel
  3149 | D:4      | Found a bloodstained altar of Trog.
  3172 | D:4      | Found a transporter.
  3207 | D:4      | Reached skill level 5 in Conjurations
  3207 | D:4      | Reached XP level 6. HP: 32/32 MP: 14/19
  3330 | D:4      | Found a transporter.
  3758 | D:5      | Entered Level 5 of the Dungeon
  3839 | D:5      | Shot with an arrow by a centaur

Vault maps used:
D:1:      lightli_arrival_isolated_outpost
D:2:      fiery_altar_vehumet
D:3:      grunt_temple_overflow_holy_war, first_ration, serial_bayou_pond_e,
          uniq_jessica, uniq_ijyb
D:4:      gammafunk_wand_slinger, kennysheep_little_box
D:5:      lemuel_crystal_altar

Skill      XL: |  1  2  3  4  5  6 |
---------------+-------------------+-----
Spellcasting   | 4 5 7 8 |  8.0
Conjurations   | 5 6 |  6.4
Dodging        | |  2.4
Stealth        | |  2.4

Action                   |  1- 3 |  4- 6 || total
-------------------------+-------+-------++-------
Melee: Short sword       |    10 |     2 ||    12
 Cast: Magic Dart        |    71 |    70 ||   141
       Searing Ray       |     5 |    32 ||    37
       Iskenderun's Myst |       |     2 ||     2
Evoke: Wand              |       |     1 ||     1
  Use: Scroll            |     3 |    10 ||    13
       Potion            |     1 |     2 ||     3
  Eat: Ration            |     1 |     2 ||     3
Armor: Robe              |    10 |     5 ||    15
Dodge: Dodged            |    21 |    32 ||    53

Table legend:
 A = Spawn XP
 B = Non-spawn XP
 C = Spawn XP percentage of total XP
 D = Spawn monster count
 E = Non-spawn monster count
 F = Spawn count percentage of total count
 G = Total turns spent on level
                    A         B        C        D         E        F      G
               +---------+---------+-------+---------+---------+-------+---------
         Total |       0 |     661 |   0.0 |       0 |      93 |   0.0 |  3839
               +---------+---------+-------+---------+---------+-------+---------
           D:1 |       0 |      37 |   0.0 |       0 |      20 |   0.0 |   723
           D:2 |       0 |     150 |   0.0 |       0 |      31 |   0.0 |  1155
           D:3 |       0 |     152 |   0.0 |       0 |      34 |   0.0 |  1251
           D:4 |       0 |     274 |   0.0 |       0 |       7 |   0.0 |   629
           D:5 |       0 |      48 |   0.0 |       0 |       1 |   0.0 |    81
               +---------+---------+-------+---------+---------+-------+---------
